 Dungeon Crawl Stone Soup version 0.16-a0-3736-g4b94454 (webtiles) character file.

887 vatarom the Zephyrmancer (level 8, -4/41 HPs)
             Began as a Tengu Air Elementalist on Jan 22, 2015.
             Slain by a centaur zombie (8 damage)
             ... on level 6 of the Dungeon.
             The game lasted 00:17:13 (5381 turns).

vatarom the Zephyrmancer (Tengu Air Elementalist)   Turns: 5381, Time: 00:17:14

Health: -4/41      AC:  3    Str:  9    XL:     8   Next: 5%
Magic:  10/20      EV: 12    Int: 17    God:
Gold:   250        SH:  0    Dex: 15    Spells: 5 memorised, 3 levels left

rFire  + . .     SeeInvis .     d - +2 dagger (venom)
rCold  x . .     Clarity  .     a - +1 robe
rNeg   . . .     SustAb   .     (no shield)
rPois  .         Gourm    .     (helmet restricted)
rElec  .         Spirit   .     (no cloak)
rCorr  .         Warding  .     (no gloves)
rMut   .         Stasis   .     (boots unavailable)
MR     .....                    (no amulet)
Stlth  ++........               (no ring)
                                n - ring of fire

@: repel missiles, not resistant to hostile enchantments, unstealthy
A: able to fly, beak, talons 3
a: Fly


You were on level 6 of the Dungeon.
You were not hungry.

You visited 1 branch of the dungeon, and saw 6 of its levels.
You also visited: Sewer.

You collected 250 gold pieces.

Inventory:

Hand weapons
 d - a +2 dagger of venom (weapon)
Armour
 a - a +1 robe (worn)
Magical staves
 q - an uncursed staff of earth
Jewellery
 n - a ring of fire (left hand)
Magical devices
 r - a wand of lightning (7)
Scrolls
 c - a scroll of identify
 e - 2 scrolls of amnesia
 k - 3 scrolls of remove curse
Potions
 g - 5 potions of brilliance
 i - 5 potions of curing
 p - a potion of magic
 s - a potion of invisibility
 t - a potion of mutation {unknown}
Books
 b - a book of Air

   Spells                             Type                      Level
   a - Shock                          Conjuration/Air              1
   b - Swiftness                      Charms/Air                   2
   c - Repel Missiles                 Charms/Air                   2
   d - Flight                         Charms/Air                   3
   e - Static Discharge               Conjuration/Air              3
   f - Lightning Bolt                 Conjuration/Air              5
Comestibles
 h - a royal jelly
 j - a slice of pizza
 l - a meat ration
 m - a beef jerky


   Skills:
 - Level 2.1 Dodging
 - Level 2.0 Stealth
 - Level 4.5 Spellcasting
 + Level 6.7 Conjurations
 - Level 8.4 Air Magic


You had 3 spell levels left.
You knew the following spells:

 Your Spells              Type           Power        Failure   Level  Hunger
a - Shock                 Conj/Air       ####         1%          1    None
b - Swiftness             Chrm/Air       ###.....     4%          2    ##.....
c - Static Discharge      Conj/Air       ####....     1%          3    ###....
d - Repel Missiles        Chrm/Air       ###...       4%          2    ##.....
e - Lightning Bolt        Conj/Air       ####......   21%         5    ######.


Dungeon Overview and Level Annotations

Branches:
Dungeon (6/15)
 Temple: D:4-7

Altars:
Ashenzari
Kikubaaqudgha
Nemelex Xobeh
Qazlal
Ru
The Shining One

Shops:
D:4 [:*[


Innate Abilities, Weirdness & Mutations

You can fly.
You have a beak for a mouth.
You have claws for feet.


Message History

Aim: a centaur zombie The zap hits the centaur zombie. x2
The centaur zombie hits you but does no damage.
The centaur zombie hits you!
* * * LOW HITPOINT WARNING * * *
Casting: Shock
Confirm with . or Enter, or press ? or * to list all spells.
Aiming: Shock
Press: ? - help, Shift-Dir - straight line, f/p - centaur zombie
Aim: a centaur zombie The zap hits the centaur zombie. x2
The centaur zombie hits you.
* * * LOW HITPOINT WARNING * * *
Casting: Shock
Confirm with . or Enter, or press ? or * to list all spells.
The centaur zombie is struck by lightning.
The lightning arcs!
You are struck by lightning.
* * * LOW HITPOINT WARNING * * *
The lightning grounds out.
The centaur zombie hits you!
You die...

# # .# ## ...#
##. #... #####
##.. #... ###...#
##..# #..#
#...#..##..##
#...#####..#
#......
#Z@.##..$#
##.....
###......##
#....##
##..##..###.....#
#.####......#..#
#..# ##..#...###
#..## #.######
#.# #..# .. #.##
##. .#


You could see a centaur zombie.

Vanquished Creatures
  A phantom (D:5)
  The ghost of vatarom the Ruffian, an average NaTm of Cheibriados (Sewer)
  A centaur (D:5)
  A scorpion (D:4)
  2 hounds (D:4)
  A centaur skeleton (D:5)
  3 worker ants
  Natasha (D:6)
  2 orc priests
  3 orc wizards
  Robin (D:3)
  8 adders
  4 giant mites
  4 worms
  3 giant geckos
  2 oozes
  12 orcs
  3 ball pythons (Sewer)
  A bat skeleton (D:4)
  3 giant cockroaches
  14 goblins
  8 hobgoblins
  13 jackals
  2 quokkas
  15 bats
  9 giant newts
  17 kobolds
  5 rats
  A ballistomycete (D:6)
141 creatures vanquished.

Vanquished Creatures (others)
  A giant spore (D:6)
1 creature vanquished.

Grand Total: 142 creatures vanquished

Notes
Turn   | Place    | Note
--------------------------------------------------------------
     0 | D:1      | vatarom, the Tengu Air Elementalist, began the quest for the Orb.
     0 | D:1      | Reached XP level 1. HP: 10/10 MP: 3/3
   132 | D:1      | Reached XP level 2. HP: 15/15 MP: 5/5
   434 | D:1      | Learned a level 2 spell: Swiftness
   616 | D:1      | Reached XP level 3. HP: 7/19 MP: 0/7
   943 | D:1      | Learned a level 3 spell: Static Discharge
   963 | D:1      | Found a sparkling altar of Nemelex Xobeh.
  1418 | D:2      | Reached XP level 4. HP: 21/24 MP: 6/9
  1505 | D:2      | Learned a level 2 spell: Repel Missiles
  1702 | D:2      | Found a shattered altar of Ashenzari.
  2217 | D:3      | Found a stormy altar of Qazlal.
  2217 | D:3      | Found an ancient bone altar of Kikubaaqudgha.
  2220 | D:3      | Reached XP level 5. HP: 28/28 MP: 10/14
  2222 | D:3      | Found a sacrificial altar of Ru.
  2224 | D:3      | Found a glowing golden altar of the Shining One.
  2433 | D:3      | Noticed Robin
  2441 | D:3      | Killed Robin
  2918 | D:4      | Found Sugokkoiko's Book Boutique.
  2929 | D:4      | Reached XP level 6. HP: 28/32 MP: 13/17
  2945 | D:4      | Reached skill level 5 in Air Magic
  3118 | D:4      | Found Veecy's Armour Emporium.
  3161 | D:4      | Reached skill level 6 in Air Magic
  3182 | D:4      | Found a glowing drain.
  3201 | D:4      | Learned a level 5 spell: Lightning Bolt
  3202 | Sewer    | Entered a sewer
  3343 | Sewer    | Noticed vatarom's ghost (average NaTm)
  3372 | Sewer    | Killed vatarom's ghost
  3372 | Sewer    | Reached skill level 7 in Air Magic
  3372 | Sewer    | Reached XP level 7. HP: 5/36 MP: 3/18
  4076 | D:4      | Found Shrin's Assorted Antiques.
  4338 | D:4      | Found Schoteho's Armour Shoppe.
  4513 | D:5      | Entered Level 5 of the Dungeon
  4548 | D:5      | Reached skill level 8 in Air Magic
  4768 | D:5      | Reached skill level 5 in Conjurations
  5119 | D:6      | Reached XP level 8. HP: 17/41 MP: 11/20
  5366 | D:6      | Noticed Natasha
  5369 | D:6      | Noticed a centaur zombie
  5375 | D:6      | HP: 1/41 [centaur zombie (7)]
  5377 | D:6      | Killed Natasha
  5381 | D:6      | Slain by a centaur zombie

Action                   |  1- 3 |  4- 6 |  7- 9 || total
-------------------------+-------+-------+-------++-------
Melee: Unarmed           |     3 |       |       ||     3
       Dagger            |    48 |    70 |    29 ||   147
 Cast: Shock             |    33 |   117 |    87 ||   237
       Static Discharge  |       |     4 |     4 ||     8
       Repel Missiles    |       |     1 |     1 ||     2
       Swiftness         |       |       |     1 ||     1
 Abil: Fly               |       |     2 |     1 ||     3
  Use: Potion            |     3 |     2 |     5 ||    10
       Scroll            |     5 |     5 |     2 ||    12
 Stab: Sleeping          |       |       |     1 ||     1
  Eat: Bread ration      |     1 |     1 |     2 ||     4
